TOP OF THE 1ST |
Reading Rainbows batting - Pitching for Intercourse Amish : LHP Pancho Guerrero
|
Pitching: LHP Pancho Guerrero
|
|
Batting: RHB Richard Case
|
0-0: Called Strike 0-1: Foul Ball, location: 2F 0-2: Fly out, F9 (Flyball, 9S)
|
Batting: RHB Juan Magdayao
|
0-0: Ball 1-0: Fly out, F7 (Flyball, 78D)
|
Batting: RHB Ethan Moore
|
0-0: Fly out, F7 (Line Drive, 7D)
|
Top of the 1st over - 0 run(s), 0 hit(s), 0 error(s), 0 left on base; Reading 0 - Intercourse 0 |
BOTTOM OF THE 1ST |
Intercourse Amish batting - Pitching for Reading Rainbows : RHP Jason MacKnight
|
Pitching: RHP Jason MacKnight
|
|
Batting: LHB Dave Reynolds
|
0-0: Ball 1-0: Called Strike 1-1: Ball 2-1: Ground out 4-3 (Groundball, 4)
|
Batting: RHB Frank Maxwell
|
0-0: Foul Ball, location: 2F 0-1: Swinging Strike 0-2: Fly out, F8 (Flyball, 8LM)
|
Batting: RHB John Little
|
0-0: Ball 1-0: Called Strike 1-1: Reached on error, E6 (Groundball, 6)
|
Batting: RHB Juan Estrada
|
0-0: Ball 1-0: Called Strike 1-1: Foul Ball, location: 2F 1-2: Foul Ball, location: 2F 1-2: Ball 2-2: Foul Ball, location: 2F 2-2: Foul Ball, location: 2F 2-2: Ground out 6-3 (Groundball, 6)
|
Bottom of the 1st over - 0 run(s), 0 hit(s), 1 error(s), 1 left on base; Reading 0 - Intercourse 0 |
TOP OF THE 2ND |
Reading Rainbows batting - Pitching for Intercourse Amish : LHP Pancho Guerrero
|
Batting: LHB Shane Lynch
|
0-0: Ball 1-0: Ball 2-0: Ball 3-0: Called Strike 3-1: Foul Ball, location: 2F 3-2: Strikes out swinging, 2-3 out at first.
|
Batting: RHB Jeff Townsley
|
0-0: Called Strike 0-1: SOLO HOME RUN (Line Drive, 7D), Distance : 411 ft
|
Batting: RHB José Moreno
|
0-0: Hit by Pitch
|
Batting: LHB Richard Henry
|
0-0: Ball 1-0: Called Strike 1-1: Called Strike 1-2: Ball 2-2: DOUBLE (Line Drive, 7LD) José Moreno to third Runner from 3rd tries for Home, SAFE, throw made home
|
Batting: RHB Germán Romero
|
0-0: Foul Ball, location: 2F 0-1: Foul Ball, location: 2F 0-2: Strikes out swinging
|
Batting: SHB Dan Chandler
|
0-0: Ball 1-0: Swinging Strike 1-1: Ground out 6-3 (Groundball, 6)
|
Top of the 2nd over - 2 run(s), 2 hit(s), 0 error(s), 1 left on base; Reading 2 - Intercourse 0 |
BOTTOM OF THE 2ND |
Intercourse Amish batting - Pitching for Reading Rainbows : RHP Jason MacKnight
|
Batting: RHB Juan Caceres
|
0-0: Called Strike 0-1: Ball 1-1: SINGLE (Groundball, 6MD)
|
Batting: SHB Conan Hanson
|
0-0: Swinging Strike 0-1: Ball 1-1: SINGLE (Groundball, 34) (infield hit) Juan Caceres to second
|
Batting: RHB Leon Heath
|
0-0: Swinging Strike 0-1: SINGLE (Groundball, 56) (infield hit) Juan Caceres to third Conan Hanson to second
|
Batting: SHB Ralph Robison
|
0-0: Ball 1-0: Ball 2-0: Called Strike 2-1: Ball 3-1: Swinging Strike 3-2: Grounds into double play, 6-4-3 (Groundball, 6M) Juan Caceres scores Conan Hanson to third
|
Batting: LHB Bruce Foster
|
0-0: Ball 1-0: Called Strike 1-1: Ball 2-1: Ball 3-1: Foul Ball, location: 2F 3-2: Ground out 4-3 (Groundball, 34)
|
Bottom of the 2nd over - 1 run(s), 3 hit(s), 0 error(s), 1 left on base; Reading 2 - Intercourse 1 |
TOP OF THE 3RD |
Reading Rainbows batting - Pitching for Intercourse Amish : LHP Pancho Guerrero
|
Batting: RHB Richard Case
|
0-0: Ball 1-0: Ball 2-0: Called Strike 2-1: Swinging Strike 2-2: Strikes out looking
|
Batting: RHB Juan Magdayao
|
0-0: Ground out 6-3 (Groundball, 56)
|
Batting: RHB Ethan Moore
|
0-0: Called Strike 0-1: Ball 1-1: Ball 2-1: Called Strike 2-2: Ball 3-2: Strikes out looking
|
Top of the 3rd over - 0 run(s), 0 hit(s), 0 error(s), 0 left on base; Reading 2 - Intercourse 1 |
BOTTOM OF THE 3RD |
Intercourse Amish batting - Pitching for Reading Rainbows : RHP Jason MacKnight
|
Batting: LHB Dave Reynolds
|
0-0: Fly out, F8 (Flyball, 8LS)
|
Batting: RHB Frank Maxwell
|
0-0: SINGLE (Groundball, 56D)
|
Batting: RHB John Little
|
0-0: Ball 1-0: Fly out, F9 (Flyball, 9LS)
|
Batting: RHB Juan Estrada
|
0-0: Called Strike 0-1: DOUBLE (Flyball, 78XD) Frank Maxwell to third
|
Batting: RHB Juan Caceres
|
0-0: Called Strike 0-1: Foul Ball, location: 2F 0-2: Ball 1-2: Strikes out swinging
|
Bottom of the 3rd over - 0 run(s), 2 hit(s), 0 error(s), 2 left on base; Reading 2 - Intercourse 1 |
TOP OF THE 4TH |
Reading Rainbows batting - Pitching for Intercourse Amish : LHP Pancho Guerrero
|
Batting: LHB Shane Lynch
|
0-0: Ball 1-0: Called Strike 1-1: Ground out 6-3 (Groundball, 6)
|
Batting: RHB Jeff Townsley
|
0-0: Called Strike 0-1: Ball 1-1: Called Strike 1-2: Foul Ball, location: 2F 1-2: Ground out 5-3 (Groundball, 56)
|
Batting: RHB José Moreno
|
0-0: Called Strike 0-1: TRIPLE (Flyball, 9LD)
|
Batting: LHB Richard Henry
|
0-0: Ball 1-0: Ball 2-0: Ball 3-0: Called Strike 3-1: Foul Ball, location: 2F 3-2: Foul Ball, location: 2F 3-2: Foul Ball, location: 2F 3-2: Strikes out swinging
|
Top of the 4th over - 0 run(s), 1 hit(s), 0 error(s), 1 left on base; Reading 2 - Intercourse 1 |
BOTTOM OF THE 4TH |
Intercourse Amish batting - Pitching for Reading Rainbows : RHP Jason MacKnight
|
Batting: SHB Conan Hanson
|
0-0: Ball 1-0: Ball 2-0: Swinging Strike 2-1: Ball 3-1: Swinging Strike 3-2: Base on Balls
|
Batting: RHB Leon Heath
|
0-0: Ball 1-0: Ball 2-0: Called Strike 2-1: Called Strike 2-2: Ball Conan Hanson steals 2nd base 3-2: Strikes out swinging
|
Batting: SHB Ralph Robison
|
0-0: Ground out 3-1 (Groundball, 34S) Conan Hanson to third
|
Batting: LHB Bruce Foster
|
0-0: Called Strike 0-1: Ball 1-1: Foul Ball, location: 2F 1-2: Ball 2-2: Fly out, F8 (Line Drive, 8LD)
|
Bottom of the 4th over - 0 run(s), 0 hit(s), 0 error(s), 1 left on base; Reading 2 - Intercourse 1 |
TOP OF THE 5TH |
Reading Rainbows batting - Pitching for Intercourse Amish : LHP Pancho Guerrero
|
Batting: RHB Germán Romero
|
0-0: Called Strike 0-1: Ball 1-1: SINGLE (Line Drive, 8LS)
|
Batting: SHB Dan Chandler
|
0-0: Called Strike 0-1: Called Strike 0-2: Ball 1-2: Ball 2-2: Foul Ball, location: 2F 2-2: Strikes out swinging
|
Batting: RHB Richard Case
|
0-0: Called Strike 0-1: Called Strike 0-2: Ball 1-2: Ball 2-2: Foul Ball, location: 2F 2-2: Strikes out swinging
|
Batting: RHB Juan Magdayao
|
0-0: Ball 1-0: Foul Ball, location: 2F 1-1: Called Strike 1-2: Ball 2-2: SINGLE (Groundball, 56D) Germán Romero to second
|
Batting: RHB Ethan Moore
|
0-0: Foul Ball, location: 2F 0-1: Foul Ball, location: 2F 0-2: Strikes out swinging
|
Top of the 5th over - 0 run(s), 2 hit(s), 0 error(s), 2 left on base; Reading 2 - Intercourse 1 |
BOTTOM OF THE 5TH |
Intercourse Amish batting - Pitching for Reading Rainbows : RHP Jason MacKnight
|
Batting: LHB Dave Reynolds
|
0-0: Ball 1-0: Ball 2-0: Ball 3-0: Called Strike 3-1: Foul Ball, location: 2F 3-2: Hit by Pitch
|
Batting: RHB Frank Maxwell
|
Pickoff Throw to First - Error! E1 Dave Reynolds to second 0-0: Ball 1-0: Called Strike 1-1: Ball 2-1: Ball 3-1: Swinging Strike 3-2: Foul Ball, location: 2F 3-2: Base on Balls
|
Batting: RHB John Little
|
0-0: Ball 1-0: Grounds into double play, 3-6-4 (Groundball, 34) Dave Reynolds to third
|
Batting: RHB Juan Estrada
|
0-0: Ball 1-0: Called Strike 1-1: Ball 2-1: Foul Ball, location: 2F 2-2: Ball 3-2: Ground out 6-3 (Groundball, 6)
|
Bottom of the 5th over - 0 run(s), 0 hit(s), 1 error(s), 1 left on base; Reading 2 - Intercourse 1 |
TOP OF THE 6TH |
Reading Rainbows batting - Pitching for Intercourse Amish : LHP Pancho Guerrero
|
Batting: LHB Shane Lynch
|
0-0: Swinging Strike 0-1: Called Strike 0-2: Ball 1-2: Strikes out swinging
|
Batting: RHB Jeff Townsley
|
0-0: Ground out 5-3 (Groundball, 5S)
|
Batting: RHB José Moreno
|
0-0: Ball 1-0: Ball 2-0: Called Strike 2-1: SINGLE (Groundball, 6MD)
|
Batting: LHB Richard Henry
|
0-0: Called Strike José Moreno steals 2nd base 0-1: Ball 1-1: Foul Ball, location: 2F 1-2: Ball 2-2: Ball 3-2: Ground out 4-3 (Groundball, 4)
|
Top of the 6th over - 0 run(s), 1 hit(s), 0 error(s), 1 left on base; Reading 2 - Intercourse 1 |
BOTTOM OF THE 6TH |
Intercourse Amish batting - Pitching for Reading Rainbows : RHP Jason MacKnight
|
Batting: RHB Juan Caceres
|
0-0: Ball 1-0: Ball 2-0: DOUBLE (Flyball, 78M)
|
Batting: SHB Conan Hanson
|
0-0: Ball 1-0: Ball 2-0: Called Strike 2-1: Ball 3-1: Base on Balls
|
Pitching: LHP Robert Trent
|
|
Batting: RHB Leon Heath
|
0-0: Swinging Strike 0-1: Called Strike 0-2: Ball 1-2: Strikes out swinging
|
Batting: SHB Ralph Robison
|
0-0: Called Strike 0-1: Ball 1-1: Foul Ball, location: 2F 1-2: Foul Ball, location: 2F 1-2: Strikes out swinging
|
Batting: LHB Bruce Foster
|
0-0: Ball 1-0: Ball 2-0: Called Strike 2-1: Ball 3-1: Foul Ball, location: 2F 3-2: Base on Balls Juan Caceres to third Conan Hanson to second
|
Batting: LHB Dave Reynolds
|
0-0: Foul Ball, location: 2F 0-1: Ball 1-1: Ball 2-1: Ball 3-1: Base on Balls Juan Caceres scores Conan Hanson to third Bruce Foster to second
|
Batting: RHB Frank Maxwell
|
0-0: Called Strike 0-1: Swinging Strike 0-2: Strikes out swinging
|
Bottom of the 6th over - 1 run(s), 1 hit(s), 0 error(s), 3 left on base; Reading 2 - Intercourse 2 |
TOP OF THE 7TH |
Reading Rainbows batting - Pitching for Intercourse Amish : LHP Pancho Guerrero
|
Pitching: LHP Manuel Encarnación
|
|
Batting: RHB Germán Romero
|
0-0: Ball 1-0: Ball 2-0: Called Strike 2-1: Ground out 6-3 (Groundball, 6)
|
Pinch Hitting: RHB Hubert Brown
|
0-0: Ball 1-0: Foul Ball, location: 2F 1-1: Ball 2-1: Ball 3-1: Base on Balls
|
Batting: RHB Richard Case
|
0-0: Ball 1-0: SINGLE (Flyball, 89S) Hubert Brown to second Runner from 2nd tries for 3rd, SAFE, no throw
|
Batting: RHB Juan Magdayao
|
0-0: Swinging Strike 0-1: Called Strike 0-2: Ground out 5-3 (Groundball, 56) Richard Case to second
|
Batting: RHB Ethan Moore
|
0-0: Swinging Strike 0-1: Ball 1-1: Ball 2-1: Called Strike 2-2: Ball 3-2: Base on Balls
|
Pinch Hitting: RHB Ron King
|
0-0: Called Strike 0-1: Fielders Choice at 2nd, 6-4 (Groundball, 6)
|
Top of the 7th over - 0 run(s), 1 hit(s), 0 error(s), 2 left on base; Reading 2 - Intercourse 2 |
BOTTOM OF THE 7TH |
Intercourse Amish batting - Pitching for Reading Rainbows : LHP Robert Trent
|
Now at 1B: Hubert Brown
|
|
Now in RF: Howard Johnson
|
|
Batting: RHB John Little
|
0-0: Called Strike 0-1: Fly out, F9 (Line Drive, 9)
|
Batting: RHB Juan Estrada
|
0-0: Ball 1-0: Foul Ball, location: 2F 1-1: Ball 2-1: Ball 3-1: Base on Balls
|
Pitching: RHP Lane Lund
|
|
Pinch Hitting: LHB Tony O'Bryan
|
0-0: Ball 1-0: Fly out, F7 (Flyball, 78D)
|
Batting: SHB Conan Hanson
|
0-0: Foul Ball, location: 2F 0-1: Ball 1-1: Ball 2-1: Fielders Choice at 2nd, 4-6 (Groundball, 4)
|
Bottom of the 7th over - 0 run(s), 0 hit(s), 0 error(s), 0 left on base; Reading 2 - Intercourse 2 |
TOP OF THE 8TH |
Reading Rainbows batting - Pitching for Intercourse Amish : LHP Manuel Encarnación
|
Now at 2B: Gabriel Stout
|
|
Batting: RHB Jeff Townsley
|
0-0: Called Strike 0-1: Swinging Strike 0-2: Ball 1-2: Ball 2-2: Foul Ball, location: 2F 2-2: Ball 3-2: Base on Balls
|
Batting: RHB José Moreno
|
0-0: Ball 1-0: Bunted foul 1-1: Bunted foul 1-2: Reached on error, E6 (Groundball, 6) Jeff Townsley to second
|
Batting: LHB Richard Henry
|
0-0: Swinging Strike 0-1: Swinging Strike 0-2: Ball 1-2: SINGLE (Groundball, 34D) Jeff Townsley to third José Moreno to second Runner from 3rd tries for Home, SAFE, throw made at trailing runner, SAFE at third!
|
Batting: RHB Germán Romero
|
0-0: Ball 1-0: Swinging Strike 1-1: Ball 2-1: 3-RUN HOME RUN (Flyball, 78XD), Distance : 426 ft
|
Pitching: RHP David Nanod
|
|
Batting: RHB Hubert Brown
|
0-0: Ball 1-0: Swinging Strike 1-1: Fly out, F9 (Flyball, 9LSF)
|
Batting: RHB Richard Case
|
0-0: SINGLE (Line Drive, 56D)
|
Batting: RHB Juan Magdayao
|
0-0: Called Strike 0-1: Swinging Strike 0-2: Ball Richard Case steals 2nd base 1-2: Ball 2-2: Foul Ball, location: 2F 2-2: Ball 3-2: Strikes out swinging
|
Batting: RHB Ethan Moore
|
0-0: Ball 1-0: 2-RUN HOME RUN (Flyball, 7D), Distance : 387 ft
|
Batting: RHB Howard Johnson
|
0-0: Foul Ball, location: 2F 0-1: Foul Ball, location: 2F 0-2: Ball 1-2: Ball 2-2: Ball 3-2: Foul Ball, location: 2F 3-2: Ground out 4-3 (Groundball, 4)
|
Top of the 8th over - 6 run(s), 4 hit(s), 1 error(s), 0 left on base; Reading 8 - Intercourse 2 |
BOTTOM OF THE 8TH |
Intercourse Amish batting - Pitching for Reading Rainbows : RHP Lane Lund
|
Batting: RHB Leon Heath
|
0-0: Ground out U3 (Groundball, 34)
|
Batting: SHB Ralph Robison
|
0-0: Ball 1-0: Foul Ball, location: 2F 1-1: Ball 2-1: Fly out, F4 (Popup, 4S)
|
Batting: LHB Bruce Foster
|
0-0: Called Strike 0-1: Foul Ball, location: 2F 0-2: Ball 1-2: Ball 2-2: Ball 3-2: Foul Ball, location: 2F 3-2: Foul Ball, location: 2F 3-2: Foul Ball, location: 2F 3-2: Ground out 4-3 (Groundball, 4S)
|
Bottom of the 8th over - 0 run(s), 0 hit(s), 0 error(s), 0 left on base; Reading 8 - Intercourse 2 |
TOP OF THE 9TH |
Reading Rainbows batting - Pitching for Intercourse Amish : RHP David Nanod
|
Batting: RHB Jeff Townsley
|
0-0: Ball 1-0: Ball 2-0: Called Strike 2-1: Ball 3-1: SINGLE (Line Drive, 8LS)
|
Batting: RHB José Moreno
|
0-0: Called Strike 0-1: Ball 1-1: Foul Ball, location: 2F 1-2: Ball Throwing error on steal attempt, E2 Jeff Townsley to third 2-2: Ball 3-2: Strikes out swinging
|
Batting: LHB Richard Henry
|
0-0: Foul Ball, location: 2F 0-1: Ball 1-1: Called Strike 1-2: Strikes out looking
|
Batting: RHB Germán Romero
|
0-0: SINGLE (Groundball, 4MD) Jeff Townsley scores
|
Pitching: RHP Cristián Torres
|
|
Batting: RHB Hubert Brown
|
0-0: Ball 1-0: Ball 2-0: Ball 3-0: Called Strike 3-1: Base on Balls Germán Romero to second
|
Batting: RHB Richard Case
|
0-0: SINGLE (Groundball, 6) (infield hit) Germán Romero to third Hubert Brown to second
|
Batting: RHB Juan Magdayao
|
0-0: Fly out, F4 (Line Drive, 4MD)
|
Top of the 9th over - 1 run(s), 3 hit(s), 1 error(s), 3 left on base; Reading 9 - Intercourse 2 |
BOTTOM OF THE 9TH |
Intercourse Amish batting - Pitching for Reading Rainbows : RHP Lane Lund
|
Now at C: Louis Smith
|
|
Batting: LHB Dave Reynolds
|
0-0: Foul Ball, location: 2F 0-1: Ball 1-1: Foul Ball, location: 2F 1-2: Ball 2-2: Foul Ball, location: 2F 2-2: Foul Ball, location: 2F 2-2: SINGLE (Groundball, 4MD)
|
Batting: RHB Frank Maxwell
|
0-0: Called Strike 0-1: Foul Ball, location: 2F 0-2: Ball 1-2: Ball Wild Pitch! Dave Reynolds to second 2-2: Strikes out looking
|
Batting: RHB John Little
|
0-0: Ball 1-0: Ground out 5-3 (Groundball, 56)
|
Batting: RHB Juan Estrada
|
0-0: Ball 1-0: Ball 2-0: Called Strike 2-1: Ball 3-1: Called Strike 3-2: Base on Balls
|
Pitching: RHP Luis Silva
|
|
Batting: RHB Gabriel Stout
|
0-0: Swinging Strike 0-1: Called Strike 0-2: Ball 1-2: Ball 2-2: SINGLE (Groundball, 6MD) Dave Reynolds to third Juan Estrada to second Runner from 3rd tries for Home, SAFE, throw made home Juan Estrada to third Gabriel Stout to second
|
Batting: SHB Conan Hanson
|
0-0: Ball 1-0: Ball 2-0: Ball 3-0: Called Strike 3-1: Ground out 6-3 (Groundball, 6)
|
Bottom of the 9th over - 1 run(s), 2 hit(s), 0 error(s), 2 left on base; Reading 9 - Intercourse 3 |
|